 Dungeon Crawl Stone Soup version 0.29.1-2-gbd0b4ee654 (webtiles) character file.

Game seed: 10704044760879147429

15 sanboga the Insei (level 2, -1/22 HPs)
             Began as a Djinni Transmuter on Nov 10, 2022.
             Slain by a quokka (4 damage)
             ... on level 1 of the Dungeon.
             The game lasted 00:01:45 (824 turns).

sanboga the Insei (Djinni Transmuter)                Turns: 824, Time: 00:01:46

Health: -1/22      AC:  2    Str:  9    XL:     2   Next: 65%
Gold:   19         EV: 12    Int: 14    God:
                   SH:  0    Dex: 13

rFire   + + .      SeeInvis .     - Unarmed
rCold   x . .      Faith    .   (no shield)
rNeg    . . .      Spirit   .   a - +0 robe
rPois   ∞          Reflect  .   (no helmet)
rElec   .          Harm     .   (no cloak)
rCorr   .          Rampage  .   (no gloves)
Will    .....                   (boots unavailable)
Stlth   +.........              (no amulet)
HPRegen 0.07/turn               (no ring)
MPRegen 0.00/turn               (no ring)

@: flying
A: sickness immunity, fire resistance 2, cold vulnerability 1, float, innate
caster, HP casting, extra vitality 1
a: no special abilities


You were on level 1 of the Dungeon.
You visited 1 branch of the dungeon, and saw 1 of its levels.

You collected 19 gold pieces.

Inventory:

Armour
 a - a +0 robe (worn)
Potions
 b - a potion of lignification
 c - a potion of curing {unknown}


   Skills:
 + Level 1.3 Fighting
 + Level 2.4 Dodging
 + Level 3.1 Unarmed Combat
 * Level 1.9 Spellcasting


You couldn't memorise any spells.
You knew the following spells:

 Your Spells              Type           Power      Damage    Failure   Level
a - Beastly Appendage     Tmut           12%        N/A       11%         1
b - Wereblood             Tmut           6%         N/A       16%         2
c - Spider Form           Tmut/Pois      6%         N/A       32%         3
d - Ice Form              Ice/Tmut       6%         N/A       71%         4
Your spell library was empty.

Dungeon Overview and Level Annotations

Branches:
Dungeon (1/15)

Altars:


Innate Abilities, Weirdness & Mutations

You are immune to sickness and miasma.
You are immune to poison.
Your flesh is very heat resistant. (rF++)
You are vulnerable to cold. (rC-)
You float through the air rather than walking.
You learn spells naturally, not from books.
Your magical power is your life essence.
You have superior vitality. (+4 MHP)


Message History

You hit the goblin but do no damage. Your headbutt misses the goblin.
The goblin misses you.
You barely miss the goblin. The goblin closely misses you.
You barely miss the goblin. You headbutt the goblin.
You kill the goblin!
No target in view!
No target in view!
No target in view!
No target in view!
Your horns disappear.
You see here a ball python corpse.
You see here 3 stones.
c - a pink potion A quokka and a kobold come into view.
There are monsters nearby!
The quokka completely misses you. The kobold hits you but does no damage.
The quokka bites you.
You hit the kobold.
The kobold is severely wounded.
The kobold hits you with a +0 spear. The quokka bites you.
You barely miss the kobold.
The kobold is severely wounded.
The kobold hits you with a +0 spear.
The quokka bites you but does no damage.
You are too injured to fight recklessly!
You are too injured to fight recklessly!
You are too injured to fight recklessly!
You are too injured to fight recklessly!
You are too injured to fight recklessly!
You hit the quokka.
The quokka is almost dead.
The kobold closely misses you. The quokka barely misses you.
You completely miss the kobold.
The kobold is severely wounded.
The kobold hits you with a +0 spear. The quokka bites you.
* * * LOW HITPOINT WARNING * * *
You hit the kobold.
You kill the kobold!
The quokka bites you.
You die...

###.# #.....# ....#.#
#...... #.##.#.# ####'#.
###.##.#.# #.#. #
....##.#.# #.#.
#.#####...#.#.######.#.
#..$...#........)...#.
###.#....###......†...#.
#...'.)@..#.(#...####.#.
#.#.#.r.....###..# #.#.
#.....#.....#..# #.#
#####.#..#.....# #.#
..#..#.#.#.# #.#
......#.#.#.# .#
#.###.##.#.#.# #. #..
...#.# #. .#


You could see a quokka.

Vanquished Creatures
  An endoplasm (D:1)
  3 goblins (D:1)
  2 hobgoblins (D:1)
  2 kobolds (D:1)
  A quokka (D:1)
  5 ball pythons (D:1)
  A frilled lizard (D:1)
15 creatures vanquished.

Notes
Turn   | Place    | Note
-------+----------+-------------------------------------------
     0 | D:1      | sanboga the Djinni Transmuter began the quest for the Orb.
     0 | D:1      | sanboga set off with the following spells memorised:
                  | Beastly Appendage, Wereblood, Spider Form, Ice Form.
     0 | D:1      | Reached XP level 1. HP: 17/17 MP: 0/0
   197 | D:1      | Reached XP level 2. HP: 16/22 MP: 0/0
   824 | D:1      | Slain by a quokka

Illustrated notes

Levels and vault maps discovered:
D:1:      psy_arrival_whirlpool, layout_basic, minmay_pentomino_r2

Action                   || total
-------------------------++-------
Melee: Unarmed           ||    47
       Headbutt          ||     4
 Cast: Beastly Appendage ||     4
Armor: Robe              ||     8
Dodge: Dodged            ||    33
